 Dungeon Sprint DCSS version 0.31-a0-188-g5e087ee2ca (webtiles) character file.

Game seed: 8790663133914089865

132 Conn the Firebug (level 5, -5/46 HPs)
             Began as an Octopode Fire Elementalist on June 22, 2023.
             Slain by a neqoxec (13 damage)
             ... in the Dungeon (Sprint II: "The Violet Keep of Menkaure").
             The game lasted 00:00:22 (18 turns).

Conn the Firebug (Octopode Fire Elementalist)         Turns: 18, Time: 00:00:22

Health: -5/46      AC:  1    Str:  8    XL:     5   Next: 15%
Magic:  5/11       EV: 14    Int: 19    God:
Gold:   0          SH:  0    Dex: 12    Spells: 11/12 levels left

rFire   . . .        (no weapon)
rCold   . . .        (no shield)
rNeg    . . .        (helmet restricted)
rPois   .            (no amulet)
rElec   .            (no ring)
rCorr   .            (no ring)
SInv    .            (no ring)
Will    .....        (no ring) Stlth
                     (no ring)
HPRegen 0.27/turn    (no ring)
MPRegen 0.12/turn    (no ring)
                     (no ring)

%: no teleportation
@: berserking (expiring), hasted, very quick
A: almost no armour, amphibious, 8 rings, camouflage 1, gelatinous body 1,
(nimble swimmer 1), tentacles
a: no special abilities


You were in the Dungeon.
You visited 1 branch

Inventory:

Scrolls
 f - a scroll of blinking
Potions
 a - 3 potions of magic
 b - a potion of curing
 c - a potion of heal wounds


   Skills:
 + Level 4.0 Dodging
 + Level 5.1 Stealth
 + Level 4.4 Spellcasting
 + Level 1.5 Conjurations
 + Level 7.9 Fire Magic


You had 11 spell levels left.
You knew the following spells:

 Your Spells              Type           Power      Damage    Failure   Level
a - Foxfire               Conj/Fire      88%        2x1d8     1%          1

Your spell library contained the following spells:

 Spells                   Type           Power      Damage    Failure   Level
 Scorch                   Fire           68%        2d8       1%          2
 Inner Flame              Hex/Fire       19%        N/A       8%          3
 Volatile Blastmotes      Fire/Tloc      38%        2d13      8%          3
 Flame Wave               Conj/Fire      22%        2d8       19%         4


Dungeon Overview and Level Annotations

Branches:
Dungeon (1/1)

Altars:


Innate Abilities, Weirdness & Mutations

You cannot wear most types of armour.
You are amphibious.
You can wear up to eight rings at the same time.
Your skin changes colour to match your surroundings (Stealth+).
Your rubbery body absorbs attacks. (AC +1, EV +1)
((You are camouflaged when in or above water. (Stealth+)))
You have tentacles for arms and can constrict up to eight enemies at once.


Message History

The neqoxec hits you!
Ouch! That really hurt!
You bludgeon the neqoxec!
The neqoxec is heavily wounded.
You constrict the neqoxec, but do no damage.
The neqoxec misses you.
You tentacle-slap the neqoxec. You squeeze the neqoxec.
The neqoxec is severely wounded.
You constrict the neqoxec, but do no damage.
You bludgeon the neqoxec!
The neqoxec is almost dead.
You constrict the neqoxec. You tentacle-slap the neqoxec.
You kill the neqoxec!
Your Dodging skill gained 2 levels and is now at level 4!
Your Stealth skill gained 3 levels and is now at level 5!
Your Spellcasting skill gained 2 levels and is now at level 4!
Your Fire Magic skill gained 4 levels and is now at level 7!
You have reached level 2!
You have reached level 3!
Your experience leads to an increase in your attributes!
Increase (S)trength, (I)ntelligence, or (D)exterity?
You feel clever. x2
You have reached level 4!
You have reached level 5!
You feel stronger.
Unknown command.
You barely miss the neqoxec. Your grab misses the neqoxec.
Your squeeze misses the neqoxec. The neqoxec hits you!
You miss the neqoxec. You grab the neqoxec. You constrict the neqoxec.
You tentacle-slap the neqoxec. You squeeze the neqoxec!
The neqoxec is heavily wounded.
You constrict the neqoxec, but do no damage.
The neqoxec hits you!
* * * LOW HITPOINT WARNING * * *
You tentacle-slap the neqoxec.
The neqoxec is severely wounded.
You constrict the neqoxec, but do no damage.
The neqoxec hits you!
You die...

## #.#
#3## #@#
####.##
#$+.<.+
#.w.##.##
##w #+# #


You could see a neqoxec.

Vanquished Creatures
  A neqoxec (D)
1 creature vanquished.

Notes
Turn   | Place    | Note
-------+----------+-------------------------------------------
     0 | D        | Conn the Octopode Fire Elementalist began the quest for the
                  | Orb.
     0 | D        | Reached XP level 1. HP: 11/11 MP: 3/3
     4 | D        | Noticed a neqoxec
     6 | D        | Noticed a neqoxec
    14 | D        | Killed a neqoxec
    15 | D        | Reached skill level 5 in Stealth
    15 | D        | Reached skill level 7 in Fire Magic
    15 | D        | Reached XP level 2. HP: 13/17 MP: 4/7
    15 | D        | Reached XP level 3. HP: 17/21 MP: 4/8
    15 | D        | Reached XP level 4. HP: 22/27 MP: 5/10
    15 | D        | Reached XP level 5. HP: 25/31 MP: 5/11
    18 | D        | Slain by a neqoxec

Illustrated notes

Levels and vault maps discovered:
D:        the_violet_keep_of_menkaure [sprint2_stairs_cluster_1,
          sprint2_shoproom, sprint2_temple, sprint2_basic_supplies,
          sprint2_obstacle_6, sprint2_obstacle_7, sprint2_obstacle_1,
          sprint2_obstacle_2, sprint2_obstacle_3, sprint2_timed_cluster_1,
          sprint2_smallroom_cluster_1, sprint2_smallroom_final_cluster_1,
          sprint2_transparent_cluster_1, sprint2_second_timed_cluster_1,
          sprint2_sniper_area_1, sprint2_heavy_combat_area_1,
          sprint2_mutation_trap_area_1, sprint2_forest_area_1,
          sprint2_light_combat_area_1, sprint2_behind_water_1,
          sprint2_near_end_vault_1]

Skill      XL: |  1 |
---------------+----+-----
Dodging        | 4 |  4.0
Stealth        | 5 |  5.1
Spellcasting   | 4 |  4.4
Fire Magic     | 7 |  7.9
Conjurations   | |  1.5

Action                     |  1- 3 |  4- 6 || total
---------------------------+-------+-------++-------
  Melee: Unarmed           |     7 |     4 ||    11
         Constrict         |     1 |     1 ||     2
         Tentacles         |     1 |     1 ||     2
    Use: Potion            |     2 |       ||     2
  Dodge: Dodged            |     1 |       ||     1

Table legend: (Time is in decaauts)
 A = Elapsed time spent in this place.
 B = Non-inter-level travel time spent in this place.
 C = Inter-level travel time spent in this place.
 D = Time resting spent in this place.
 E = Time spent auto-exploring this place.
 F = Levels seen in this place.
 G = Mean time per level.
                   A        B        C        D        E       F      G
               +--------+--------+--------+--------+--------+-----+--------+
         Total |     14 |     14 |      0 |      0 |      0 |   1 |   14.0 |
       Dungeon |     14 |     14 |      0 |      0 |      0 |   1 |   14.0 |
               +--------+--------+--------+--------+--------+-----+--------+

Top non-repeatable levels by time:
       D: 14 daAuts
